 Dungeon Crawl Stone Soup version 0.29-a0-1065-g47a6bb87d6 (webtiles) character file.

Game seed: 14621163841213405827

137 inmateoo the Trooper (level 5, -1/41 HPs)
             Began as a Demonspawn Fighter on Aug 19, 2022.
             Frozen to death by an endoplasm (5 damage)
             ... on level 2 of the Dungeon.
             The game lasted 00:01:25 (2355 turns).

inmateoo the Trooper (Demonspawn Fighter)           Turns: 2355, Time: 00:01:25

Health: -1/41      AC:  6    Str: 19    XL:     5   Next: 0%
Magic:  5/5        EV:  7    Int:  9    God:
Gold:   122        SH:  4    Dex: 12    Spells: 4/4 levels left

rFire   . . .      SeeInvis .   a - +0 war axe
rCold   . . .      Faith    .   c - +0 buckler
rNeg    . . .      Spirit   .   g - +0 chain mail
rPois   .          Reflect  .   (helmet restricted)
rElec   .          Harm     .   (no cloak)
rCorr   .          Rampage  .   (no gloves)
Will    .....                   j - +0 pair of boots
Stlth   ..........              (no amulet)
HPRegen 0.13/turn               (no ring)
MPRegen 0.09/turn               (no ring)

@: corroded
A: antennae 1, foul stench 1, weakness stinger 2, deterioration 1
a: no special abilities


You were on level 2 of the Dungeon.
You visited 1 branch of the dungeon, and saw 2 of its levels.

You collected 122 gold pieces.

Inventory:

Hand Weapons
 a - a +0 war axe (weapon)
Missiles
 h - a throwing net (quivered)
Armour
 c - a +0 buckler (worn)
 g - a +0 chain mail (worn)
 j - a +0 pair of boots (worn)
Scrolls
 b - a scroll of immolation {unknown}
 e - a scroll of poison {unknown}
 f - 4 scrolls of identify {unknown}
 i - 2 scrolls of teleportation {unknown}
 k - 2 scrolls of noise {unknown}
 n - a scroll of vulnerability {unknown}
 q - a scroll of magic mapping {unknown}
 s - a scroll of blinking {unknown}
 t - a scroll of torment {unknown}
Potions
 d - a potion of might
 l - a potion of mutation
 m - a potion of heal wounds {unknown}
 o - 3 potions of curing {unknown}
 p - 2 potions of haste {unknown}
 r - a potion of flight {unknown}


   Skills:
 + Level 3.5 Fighting
 * Level 3.1 Axes
 + Level 3.2 Armour
 + Level 1.3 Dodging
 + Level 3.2 Shields


You had 4 spell levels left.
You didn't know any spells.
Your spell library contained the following spells:

 Spells                   Type           Power      Damage    Failure   Level
 Confusing Touch          Hex            0%         N/A       100%        3
 Yara's Violent Unravell  Hex/Tmut       0%         3d3       100%        5
 Enfeeble                 Hex            0%         N/A       100%        7


Dungeon Overview and Level Annotations

Branches:
Dungeon (2/15)

Altars:
Cheibriados


Innate Abilities, Weirdness & Mutations

You have a pair of small antennae on your head.
You may rarely emit foul miasma when damaged in melee.
You have a tail ending in a sharp stinger.
Your body sometimes deteriorates upon taking damage.


Message History

You block the endoplasm's attack.
You hit the endoplasm.
You kill the endoplasm!
You block the endoplasm's attack.
You slash the endoplasm!
You kill the endoplasm!
You swing at nothing.
You swing at nothing.
The jelly completely misses you.
You slash the jelly! The acid corrodes you!
Your hands burn!
The jelly is almost dead.
The jelly hits you.
You are splashed with acid!
You hit the jelly but do no damage.
Your hands burn!
* * * LOW HITPOINT WARNING * * *
The jelly is almost dead.
You block the jelly's attack.
You hit the jelly.
You kill the jelly!
The endoplasm freezes you.
You are frozen.
* * * LOW HITPOINT WARNING * * *
Your Axes skill increases to level 3!
You slash the endoplasm!
You kill the endoplasm!
You have reached level 5!
Your demonic ancestry asserts itself...
A pair of antennae grows on your head!
You hit the endoplasm but do no damage. You tail-slap the endoplasm.
The endoplasm is moderately wounded.
You block the endoplasm's attack. The endoplasm freezes you.
You are frozen.
* * * LOW HITPOINT WARNING * * *
You hit the endoplasm but do no damage.
The endoplasm is moderately wounded.
The endoplasm hits you but does no damage.
It was a potion of mutation.
You feel extremely strange.
You feel yourself wasting away. The endoplasm freezes you.
You are frozen.
You die...

###########..#..##..##
?..P...÷÷##..#........
÷P.÷.P..÷###.#.#######
.P.PJ..P.# #.#........
.÷..JP...# #.###....##
...JJP...# #.# #....#
.÷.PJ{{..# #.# #)...#
#######.# ##.###....##
##...)@J##
#...........
#.########
######....##
##..'....# #....#
####....# #....#
#.......# ######
#.......# #.......#
#.......# ##.))).##


You could see an endoplasm.

Vanquished Creatures
  2 jellies (D:2)
  A gnoll (D:1)
  A worm (D:2)
  7 ball pythons
  4 bats
  7 endoplasms
  7 goblins
  4 hobgoblins
  2 jackals (D:1)
  10 kobolds
  5 quokkas (D:2)
  3 frilled lizards (D:1)
  4 rats
57 creatures vanquished.

Vanquished Creatures (others)
  5 fungi
  A plant (D:1)
  6 toadstools (D:2)
12 creatures vanquished.

Grand Total: 69 creatures vanquished

Notes
Turn   | Place    | Note
-------+----------+-------------------------------------------
     0 | D:1      | inmateoo the Demonspawn Fighter began the quest for the
                  | Orb.
     0 | D:1      | Reached XP level 1. HP: 18/18 MP: 1/1
   115 | D:1      | Found a faded altar of an unknown god.
   235 | D:1      | Discovered your monstrous ancestry.
   235 | D:1      | Gained mutation: You have a small tail. [demonic ancestry]
   235 | D:1      | Reached XP level 2. HP: 23/24 MP: 2/2
   538 | D:1      | Gained mutation: You may rarely emit foul miasma when
                  | damaged in melee. [demonic ancestry]
   538 | D:1      | Reached XP level 3. HP: 26/29 MP: 3/3
  1420 | D:2      | Found a snail-covered altar of Cheibriados.
  1476 | D:2      | HP: 1/29 [worm (8)]
  1867 | D:2      | Reached skill level 1 in Dodging
  2096 | D:2      | Gained mutation: You have a tail ending in a sharp stinger.
                  | [demonic ancestry]
  2096 | D:2      | Reached XP level 4. HP: 8/35 MP: 4/4
  2353 | D:2      | Gained mutation: You have a pair of small antennae on your
                  | head. [demonic ancestry]
  2353 | D:2      | Reached XP level 5. HP: 7/41 MP: 5/5
  2355 | D:2      | Gained mutation: Your body sometimes deteriorates upon
                  | taking damage. [potion of mutation]
  2355 | D:2      | Frozen to death by an endoplasm

Illustrated notes

Levels and vault maps discovered:
D:1:      lightli_arrival_statue_moat, layout_basic,
          shapermc_ecumenical_altar_acropolis, minmay_tetromino_o2
D:2:      cheibrodos_fertilizer, layout_basic, basic_altar,
          kennysheep_decorative_pillar

Skill      XL: |  1  2  3  4 |
---------------+-------------+-----
Axes           | 2 3 |  3.1
Armour         | 3 |  3.2
Shields        | 3 |  3.2
Dodging        | 1 |  1.3
Fighting       | |  3.5

Action                   |  1- 3 |  4- 6 || total
-------------------------+-------+-------++-------
Melee: War axe           |   122 |    12 ||   134
       Tailslap          |    13 |     2 ||    15
  Use: Potion            |       |     1 ||     1
Armor: Scale mail        |    19 |       ||    19
       Chain mail        |    62 |     5 ||    67
Dodge: Dodged            |    45 |     3 ||    48
Block: Buckler           |    25 |     6 ||    31

Table legend: (Time is in decaauts)
 A = Elapsed time spent in this place.
 B = Non-inter-level travel time spent in this place.
 C = Inter-level travel time spent in this place.
 D = Time resting spent in this place.
 E = Time spent auto-exploring this place.
 F = Levels seen in this place.
 G = Mean time per level.
                   A        B        C        D        E       F      G
               +--------+--------+--------+--------+--------+-----+--------+
         Total |   2412 |   2326 |     86 |    620 |   1328 |   2 | 1206.0 |
       Dungeon |   2412 |   2326 |     86 |    620 |   1328 |   2 | 1206.0 |
               +--------+--------+--------+--------+--------+-----+--------+

Top non-repeatable levels by time:
     D:2: 1267 daAuts
     D:1: 1145 daAuts
